 Dungeon Crawl Stone Soup version 0.32-a0-918-g0f22ef8d61 (webtiles) character file.

Game seed: 6230146267725437884

624 Ofeo the Trooper (level 7, -5/60 HPs)
             Began as a Coglin Brigand on Apr 11, 2024.
             Slain by an acid dragon (6 damage)
             ... on level 5 of the Dungeon.
             The game lasted 00:04:15 (4645 turns).

Ofeo the Trooper (Coglin Brigand)                   Turns: 4645, Time: 00:04:16

Health: -5/60      AC:  3    Str: 12    XL:     7   Next: 47%
Magic:  7/7        EV:  9    Int: 10    God:
Gold:   332        SH:  0    Dex: 17    Spells: 6/6 levels left

rFire   . . .        l - +2 mace (venom) {Hana}
rCold   . . .        p - +1 morningstar {Fuyuko}
rNeg    . . .        t - +0 ring mail
rPois   .            o - +0 helmet
rElec   .            c - +0 cloak
rCorr   .            (no gloves)
SInv    .            (no boots)
Will    .....        (amulet unavailable)
Stlth   ++           (ring unavailable)
HPRegen 0.30/turn    (ring unavailable)
MPRegen 0.10/turn    (no gizmo)

%: no passive effects
@: corroded, revved
A: off-hand wielding, slow wielding, warmup strikes, no jewellery
a: Invent Gizmo


You were on level 5 of the Dungeon.
You visited 1 branch of the dungeon, and saw 5 of its levels.

You collected 332 gold pieces.

Inventory:

Hand Weapons
 a - a +2 dagger {Junzo}
 f - a +0 dagger {Lan}
 l - a +2 mace of venom (weapon) {Hana}
 p - a +1 morningstar (offhand) {Fuyuko}
Missiles
 d - 9 poisoned darts
 e - 2 curare-tipped darts (quivered)
Armour
 b - a +0 robe
 c - a +0 cloak (worn)
 o - a +0 helmet (worn)
 t - a +0 ring mail (worn)
Talismans
 g - a beast talisman
Wands
 v - a wand of iceblast (3) {@v4}
Scrolls
 i - 4 scrolls of identify {@r1}
 m - a scroll of vulnerability {unknown}
 n - 2 scrolls of enchant weapon
 r - 2 scrolls of immolation
Potions
 h - a potion of brilliance {unknown}
 j - 2 potions of mutation {unknown}
 k - 2 potions of enlightenment {unknown}
 q - 2 potions of curing {@q1}
 s - 3 potions of lignification {unknown}
 u - 2 potions of invisibility {unknown}
 w - a potion of might {unknown}


   Skills:
 + Level 7.6 Fighting
 - Level 2.1 Short Blades
 - Level 2.1 Throwing
 - Level 1.3 Dodging
 - Level 3.5 Stealth


You had 6 spell levels left.
You didn't know any spells.
Your spell library contained the following spells:

 Spells                   Type           Power      Damage    Failure   Level
 Fugue of the Fallen      Necr           0%         N/A       95%         3
 Ozocubu's Armour         Ice            0%         N/A       95%         3
 Manifold Assault         Tloc           0%         N/A       100%        7


Dungeon Overview and Level Annotations

Branches:
Dungeon (5/15)
 Temple: D:4-7

Altars:
Fedhas


Innate Abilities, Weirdness & Mutations

You can wield a second weapon in your off-hand.
It takes a long time for you to wield or remove held weapons.
Your first few attacks do less damage.
You cannot equip rings or amulets.


Message History

An acid dragon comes into view.
An acid dragon is nearby!
An acid dragon is nearby!
The acid dragon roars!
An acid dragon is nearby!
The acid dragon closely misses you.
The acid dragon claws you but does no damage.
You barely miss the acid dragon with your +1 morningstar.
You hit the acid dragon but do no damage.
The acid dragon bites you. The acid dragon closely misses you.
The acid dragon bites you! The acid dragon claws you.
You take 16 damage, and have 44/60 hp.
MASSIVE DAMAGE!!
You hit the acid dragon but do no damage. x2
The acid dragon spits acid at you. The splash of acid hits you!
You take 15 damage, and have 29/60 hp.
MASSIVE DAMAGE!!
You are too injured to fight recklessly!
You hit the acid dragon but do no damage. x2
The acid dragon bites you but does no damage.
The acid dragon claws you but does no damage.
The acid dragon bites you.
The acid dragon claws you but does no damage.
You take 5 damage, and have 24/60 hp.
You hit the acid dragon with your +1 morningstar.
The acid dragon is lightly wounded.
You barely miss the acid dragon with your +2 mace of venom.
The acid dragon bites you!
* * * LOW HITPOINT WARNING * * *
The acid dragon claws you.
* * * LOW HITPOINT WARNING * * *
You take 9 damage, and have 15/60 hp.
You hit the acid dragon with your +1 morningstar.
The acid dragon is lightly wounded.
You hit the acid dragon with your +2 mace of venom.
The acid dragon is poisoned.
The acid dragon spits acid at you. The splash of acid hits you!
* * * LOW HITPOINT WARNING * * *
The acid corrodes you! The acid dragon bites you.
You die...

#. #+# ##.####..
#.......> #........
#####+##...##..
########.....##...##..
#.....##..............
#...D@...>............
#.....##.....##.......
#.....##.....##.......
#.....##..............
#.....#......[....###+
#.....#...........##..
#.....##.....##.>.....
########.....##.......
#.....##......#.......


You could see an acid dragon (very poisoned).

Vanquished Creatures
  Duvessa (D:4)
  An ice beast (D:5)
  A scorpion (D:3)
  Dowan (D:4)
  A bombardier beetle (D:5)
  A hound (D:5)
  An iguana (D:4)
  Ijyb (D:3)
  An orc wizard (D:3)
  Robin (D:2)
  7 adders
  4 ufetubi (D:5)
  4 dart slugs
  4 ribbon worms
  4 orcs (D:3)
  7 ball pythons
  5 endoplasms
  2 giant cockroaches
  7 goblins
  8 hobgoblins
  2 jackals (D:5)
  7 kobolds
  3 quokkas
  6 bats
  3 frilled lizards (D:2)
  A rat (D:1)
84 creatures vanquished.

Notes
Turn   | Place    | Note
-------+----------+-------------------------------------------
     0 | D:1      | Ofeo the Coglin Brigand began the quest for the Orb.
     0 | D:1      | Reached XP level 1. HP: 16/16 MP: 1/1
    42 | D:1      | Reached skill level 1 in Dodging
   343 | D:1      | Reached XP level 2. HP: 18/22 MP: 2/2
   764 | D:1      | You fall into a shaft and drop 1 floor!
   784 | D:2      | Reached XP level 3. HP: 8/27 MP: 3/3
  1398 | D:2      | Noticed Robin
  1404 | D:2      | Killed Robin
  1447 | D:2      | Reached skill level 3 in Fighting
  1601 | D:2      | Reached XP level 4. HP: 35/35 MP: 4/4
  1924 | D:3      | Found a blossoming altar of Fedhas.
  2357 | D:3      | Noticed Ijyb
  2373 | D:3      | Killed Ijyb
  2374 | D:3      | Reached skill level 4 in Fighting
  2374 | D:3      | Reached XP level 5. HP: 23/42 MP: 5/5
  2711 | D:4      | Noticed Duvessa
  2711 | D:4      | Noticed Dowan
  2752 | D:3      | Reached skill level 5 in Fighting
  2891 | D:4      | Killed Dowan
  2892 | D:4      | Reached XP level 6. HP: 22/52 MP: 6/6
  3179 | D:4      | Killed Duvessa
  3180 | D:4      | Reached skill level 6 in Fighting
  4115 | D:5      | Entered Level 5 of the Dungeon
  4121 | D:5      | Reached XP level 7. HP: 56/59 MP: 7/7
  4213 | D:5      | Reached skill level 7 in Fighting
  4645 | D:5      | HP: 1/60 [acid dragon/splash of acid (15)]
  4645 | D:5      | Slain by an acid dragon

Illustrated notes

Levels and vault maps discovered:
D:1:      onia_arrival_pyramid, layout_loops_cross
D:2:      layout_loops_ring, uniq_robin
D:3:      layout_basic, fedhas_ov_isle_minmay, uniq_ijyb
D:4:      layout_gridville, uniq_duvessa
D:5:      layout_gridville, minmay_overflow_temple_star_quad,
          gup_sewer_entry_pipe, uniq_blork_the_orc

Skill      XL: |  1  2  3  4  5  6  7 |
---------------+----------------------+-----
Dodging        | 1 |  1.3
Short Blades   | 2 |  2.1
Throwing       | 2 |  2.1
Fighting       | 3 4 5 6 7 |  7.6
Stealth        | |  3.5

Action                     |  1- 3 |  4- 6 |  7- 9 || total
---------------------------+-------+-------+-------++-------
  Melee: Dagger            |    83 |    34 |       ||   117
         Mace              |    16 |    65 |    40 ||   121
         Morningstar       |       |    36 |    40 ||    76
  Throw: Dart              |       |     2 |       ||     2
  Evoke: Wand              |       |     4 |       ||     4
    Use: Scroll            |       |     7 |       ||     7
   Stab: Sleeping          |     8 |     8 |       ||    16
         Distracted        |     1 |       |     1 ||     2
 Armour: Robe              |    20 |     5 |       ||    25
         Ring mail         |       |    47 |    63 ||   110
  Dodge: Dodged            |    22 |    40 |    47 ||   109

Table legend: (Time is in decaauts)
 A = Elapsed time spent in this place.
 B = Non-inter-level travel time spent in this place.
 C = Inter-level travel time spent in this place.
 D = Time resting spent in this place.
 E = Time spent auto-exploring this place.
 F = Levels seen in this place.
 G = Mean time per level.
                   A        B        C        D        E       F      G
               +--------+--------+--------+--------+--------+-----+--------+
         Total |   4689 |   4506 |    183 |    424 |   3405 |   5 |  937.8 |
       Dungeon |   4689 |   4506 |    183 |    424 |   3405 |   5 |  937.8 |
               +--------+--------+--------+--------+--------+-----+--------+

Top non-repeatable levels by time:
     D:4: 1129 daAuts
     D:3: 1102 daAuts
     D:2: 1052 daAuts
     D:1: 853 daAuts
     D:5: 550 daAuts
